 Dungeon Crawl Stone Soup version 0.18-a0-1372-gd644665 (webtiles) character file.

63 M4edhros the Insei (level 4, 0/31 HPs)
             Began as an Octopode Monk on Feb 22, 2016.
             Slain by a worker ant (6 damage)
             ... on level 3 of the Dungeon.
             The game lasted 00:01:33 (1484 turns).

M4edhros the Insei (Octopode Monk)                  Turns: 1484, Time: 00:01:33

Health: 0/31       AC:  1    Str: 10    XL:     4   Next: 9%
Magic:  4/4        EV: 13    Int: 12    God:
Gold:   145        SH:  0    Dex: 15    Spells: 0 memorised, 3 levels left

rFire  . . .     SeeInvis .       - Unarmed
rCold  . . .     Gourm    .     (no shield)
rNeg   . . .     Faith    .     (helmet restricted)
rPois  .         Spirit   .     (no amulet)
rElec  .         Dismiss  .     g - ring of resist corrosion
rCorr  +         Reflect  .     (no ring)
SustAt .         Harm     .     (no ring)
MR     .....                    (no ring)
Stlth  +++.......               (no ring)
                                (no ring)
                                (no ring)
                                (no ring)

@: lethally poisoned (0 -> -15), not resistant to hostile enchantments, fairly
stealthy
A: almost no armour, amphibious, 8 rings, constrict 8, camouflage 1, gelatinous
body 1
a: no special abilities


You were on level 3 of the Dungeon.
You were near starving.

You visited 1 branch of the dungeon, and saw 3 of its levels.

You collected 145 gold pieces.

Inventory:

Hand Weapons
 o - a +0 hunting sling
Jewellery
 c - an uncursed ring of ice
 g - a ring of resist corrosion (left tentacle)
 u - an uncursed ring of see invisible {unknown}
Scrolls
 d - a scroll of enchant armour {unknown}
 f - 2 scrolls of remove curse {unknown}
 i - a scroll of enchant weapon {unknown}
 l - 3 scrolls of magic mapping {unknown}
 m - 2 scrolls of noise {unknown}
 n - 3 scrolls of identify {unknown}
 q - a scroll of fog {unknown}
 r - a scroll of amnesia {unknown}
Potions
 e - 2 potions of curing {unknown}
 j - a potion of agility {unknown}
 k - a potion of haste {unknown}
 p - a potion of degeneration {unknown}
 s - 3 potions of lignification {unknown}
 v - a potion of heal wounds {unknown}
Comestibles
 a - 2 bread rations
 b - 8 fruits
 h - 2 meat rations
 t - a beef jerky
 w - a slice of pizza


   Skills:
 - Level 3.0 Fighting
 - Level 3.0 Dodging
 - Level 2.6 Stealth
 + Level 5.5 Unarmed Combat


You had 3 spell levels left.
You didn't know any spells.

Dungeon Overview and Level Annotations

Branches:
Dungeon (3/15)

Altars:
Makhleb
Pakellas
The Shining One


Innate Abilities, Weirdness & Mutations

You cannot wear most types of armour.
You are amphibious.
You can wear up to eight rings at the same time.
You can use your tentacles to constrict eight enemies at once.
Your skin changes colour to match your surroundings (Stealth).
Your rubbery body absorbs attacks (AC +1).


Message History

The worker ant bites you.
You are more poisoned.
The worker ant poisons you!
You tentacle-slap the worker ant.
You squeeze the worker ant, but do no damage.
The worker ant is moderately wounded.
You constrict the worker ant.
You feel sick. The worker ant bites you.
You tentacle-slap the worker ant.
The worker ant is heavily wounded.
You constrict the worker ant.
You feel sick. The worker ant bites you!
* * * LOW HITPOINT WARNING * * *
You are more poisoned.
The worker ant poisons you!
You are too injured to fight recklessly!
You tentacle-slap the worker ant but do no damage.
The worker ant is heavily wounded.
You constrict the worker ant.
* * * LOW HITPOINT WARNING * * *
You feel sick. The worker ant barely misses you. The worker ant bites you.
You die...

#. # #. #. #.
.##.##. ......##
#.#...##
#....a.## ####
#....@..##
##.⌠####.......[#
#.....##.......##
###..####.....##
#....8#.#...##
###..###..#.##
#.....⌠#.##.#
###..####...#
#_....⌠##.###


You could see a worker ant.

Vanquished Creatures
  An adder (D:2)
  A worm (D:2)
  3 giant geckos
  7 bats
  A giant cockroach (D:3)
  4 goblins
  3 hobgoblins
  3 jackals (D:2)
  10 kobolds
  A ball python (D:3)
  2 giant newts (D:1)
  12 rats
48 creatures vanquished.

Notes
Turn   | Place    | Note
--------------------------------------------------------------
     0 | D:1      | M4edhros the Octopode Monk began the quest for the Orb.
     0 | D:1      | Reached XP level 1. HP: 16/16 MP: 1/1
   237 | D:1      | Reached XP level 2. HP: 14/21 MP: 2/2
   731 | D:2      | Reached XP level 3. HP: 26/26 MP: 3/3
   743 | D:2      | Found an oddly glowing altar of Pakellas.
   847 | D:2      | Reached skill level 5 in Unarmed Combat
  1344 | D:3      | Reached XP level 4. HP: 28/31 MP: 4/4
  1430 | D:3      | Found a burning altar of Makhleb.
  1433 | D:3      | Found a glowing golden altar of the Shining One.
  1484 | D:3      | Slain by a worker ant

Vault maps used:
D:1:      sevenhm_arrival_forest_fort_small_5, minmay_misc_feat_chi,
          minmay_misc_feat_doors
D:2:      grunt_pakellas_mercury
D:3:      minitemple

Action                   |  1- 3 |  4- 6 || total
-------------------------+-------+-------++-------
Melee: Unarmed           |    76 |    16 ||    92
 Stab: Sleeping          |    13 |     2 ||    15
       Distracted        |     2 |       ||     2
